 Dungeon Crawl Stone Soup version 0.17-a0-1923-gc35365e (webtiles) character file.

794 derrpe the Vexing (level 7, 0/33 HPs)
             Began as a Vine Stalker Enchanter on Sept 29, 2015.
             Was a Priest of Makhleb.
             Slain by Duvessa
             ... wielding a +0 short sword
              (12 damage)
             ... on level 5 of the Dungeon.
             The game lasted 00:13:55 (4795 turns).

derrpe the Vexing (Vine Stalker Enchanter)          Turns: 4795, Time: 00:13:55

Health: 0/33       AC:  5    Str: 11    XL:     7   Next: 89%
Magic:  0/11       EV: 12    Int: 16    God:    Makhleb [***...]
Gold:   136        SH:  0    Dex: 15    Spells: 3 memorised, 4 levels left

rFire  + . .     SeeInvis .     n - +2 short sword (venom)
rCold  . . .     Clarity  .     A - +2 robe {MR+}
rNeg   . . .     SustAt   +     (no shield)
rPois  .         Gourm    .     (no helmet)
rElec  .         Spirit   +     (no cloak)
rCorr  .         Warding  .     x - +0 pair of gloves
rMut   .         Stasis   .     (no boots)
MR     +....                    (no amulet)
Stlth  +++.......               (no ring)
                                w - ring of sustain attributes

@: somewhat resistant to hostile enchantments, fairly stealthy
A: fangs 2, fire resistance 1, regeneration 2, magic shield, antimagic bite, no
device heal 3, rot immunity
a: Minor Destruction, Lesser Servant of Makhleb, Renounce Religion


You were on level 5 of the Dungeon.
You worshipped Makhleb.
Makhleb was most pleased with you.
You were hungry.

You visited 1 branch of the dungeon, and saw 5 of its levels.
You also visited: Sewer.

You collected 136 gold pieces.

Inventory:

Hand weapons
 a - a +1 dagger
 n - a +2 short sword of venom (weapon)
Missiles
 m - 3 throwing nets (quivered)
Armour
 x - a +0 pair of gloves (worn)
 A - a +2 robe of magic resistance (worn)
Jewellery
 v - an uncursed amulet of stasis
 w - a ring of sustain attributes (left hand)
Scrolls
 h - 2 scrolls of teleportation {unknown}
 k - 2 scrolls of recharging {unknown}
 l - a scroll of amnesia {unknown}
 p - 3 scrolls of remove curse
 q - 5 scrolls of identify
 r - 3 scrolls of fear {unknown}
 t - a scroll of random uselessness {unknown}
 u - a scroll of noise {unknown}
 y - 2 scrolls of enchant weapon {unknown}
Potions
 e - a potion of brilliance
 f - a potion of resistance
 g - 4 potions of curing
 j - 2 potions of flight
 s - a potion of might {unknown}
 B - a potion of mutation {unknown}
Books
 c - a book of Maledictions

   Spells                             Type                      Level
   a - Corona                         Hexes                        1
   b - Ensorcelled Hibernation        Hexes/Ice                    2
   c - Confuse                        Hexes                        3
   d - Tukima's Dance                 Hexes                        3
   e - Dazzling Spray                 Conjuration/Hexes            3
Comestibles
 d - 2 bread rations {@e1}
 i - 2 beef jerkies
 z - 3 chunks of flesh {@w0}


   Skills:
 + Level 1.3 Fighting
 + Level 1.3 Short Blades
 + Level 1.8 Dodging
 + Level 6.0 Stealth
 - Level 2.1 Spellcasting
 - Level 6.0 Hexes
 - Level 4.4 Ice Magic
 * Level 1.4 Invocations


You had 4 spell levels left.
You knew the following spells:

 Your Spells              Type           Power        Failure   Level  Hunger
a - Corona                Hex            ###....      1%          1    #......
b - Ensorcelled Hibernat  Hex/Ice        ###...       4%          2    ###....
c - Confuse               Hex            ###.....     6%          3    ###....


Dungeon Overview and Level Annotations

Branches:
Dungeon (5/15)
 Temple: D:4-7

Altars:
Elyvilon
Fedhas
Makhleb
Okawaru
Sif Muna
Trog

Shops:
D:5 ([

Annotations:
D:5 Duvessa


Innate Abilities, Weirdness & Mutations

You have extremely sharp teeth.
You heal very quickly.
When hurt, damage is shared between your health and your magic reserves.
Your bite disrupts and absorbs the magic of your enemies.
Potions and wands cannot restore your health.
You are immune to rotting.
Your flesh is heat resistant.


Message History

Press: ? - help, Shift-Dir - straight line, f/p - Duvessa
Aim: Duvessa, wielding a short sword and wearing a chain mail (fast, chance to defeat MR: 31%) Duvessa easily resists.
You kill Dowan!
Makhleb accepts your kill.
You can now summon a lesser servant of Makhleb.
Duvessa screams, "No!
How DARE you!"
Duvessa goes berserk!
Your Stealth skill increases to level 6!
Duvessa hits you with a short sword.
Read which item? (? for menu, Esc to quit)
Okay, then.
Drink which item? (? for menu, Esc to quit)
It was a potion of heal wounds.
That seemed strangely inert.
Duvessa hits you with a short sword! Duvessa closely misses you.
Drink which item? (? for menu, Esc to quit)
It was a potion of beneficial mutation.
You feel resistant to heat.
You feel fantastic! Duvessa hits you with a short sword!
You die...

#.# #.. #.# ## #
#.# # ##. #.# #
.... #.######## #
.....###.........
#
....e..)#.#####.#
# ..e..##e#.# #
∩.. #@#.# # #
#.#.# # #.#.# ##
..... #. .#....
###. #......
...... # ......
#..... .....##
#.####. #..#... .
#.


You could see Duvessa (berserk).

Vanquished Creatures
  The ghost of hexophile the Insei, an average OpTm (Sewer)
  A big kobold (Sewer)
  A water moccasin zombie (D:5)
  Dowan (D:5)
  A centaur zombie (D:5)
  2 hounds (D:5)
  2 orc wizards (D:4)
  An orc priest (D:4)
  Jessica (D:3)
  An iguana (D:4)
  3 worker ants
  7 gnolls
  4 river rats (Sewer)
  6 adders
  An ooze (D:2)
  2 worms (D:2)
  5 giant geckos
  4 orcs
  6 giant cockroaches
  5 hobgoblins
  12 jackals
  3 quokkas
  4 ball pythons
  5 bats
  6 giant newts
  4 goblins
  A jackal zombie (D:5)
  12 kobolds
  11 rats
113 creatures vanquished.

Notes
Turn   | Place    | Note
--------------------------------------------------------------
     0 | D:1      | derrpe the Vine Stalker Enchanter began the quest for the Orb.
     0 | D:1      | Reached XP level 1. HP: 9/9 MP: 4/4
   134 | D:1      | Reached XP level 2. HP: 13/13 MP: 6/6
   138 | D:1      | Learned a level 2 spell: Ensorcelled Hibernation
   707 | D:1      | Reached skill level 1 in Ice Magic
   727 | D:1      | Reached XP level 3. HP: 16/16 MP: 4/7
   795 | D:1      | Reached skill level 4 in Stealth
  1064 | D:2      | Found a burning altar of Makhleb.
  1274 | D:2      | Reached XP level 4. HP: 21/21 MP: 0/8
  1567 | D:2      | Became a worshipper of Makhleb the Destroyer
  2086 | D:2      | Found an iron altar of Okawaru.
  2097 | D:2      | Acquired Makhleb's first power
  2110 | D:2      | Reached XP level 5. HP: 22/24 MP: 5/9
  2247 | D:3      | Noticed Jessica
  2266 | D:3      | HP: 1/24 [Jessica (4)]
  2268 | D:3      | Killed Jessica
  2380 | D:3      | Learned a level 3 spell: Confuse
  2547 | D:3      | Found a white marble altar of Elyvilon.
  2956 | D:4      | Found a deep blue altar of Sif Muna.
  3156 | D:4      | Found a glowing drain.
  3176 | Sewer    | Entered a sewer
  3178 | Sewer    | Acquired Makhleb's second power
  3178 | Sewer    | Gained mutation: You heal very quickly. [Vine Stalker growth]
  3178 | Sewer    | Reached XP level 6. HP: 28/28 MP: 10/10
  3180 | Sewer    | Reached skill level 5 in Hexes
  3236 | Sewer    | Noticed hexophile's ghost (average OpTm)
  3422 | Sewer    | Killed hexophile's ghost
  3422 | Sewer    | Reached skill level 5 in Stealth
  3549 | Sewer    | Found a white marble altar of Elyvilon.
  3998 | D:4      | Reached XP level 7. HP: 29/32 MP: 3/11
  4114 | D:4      | Found a bloodstained altar of Trog.
  4260 | D:5      | Entered Level 5 of the Dungeon
  4381 | D:5      | Reached skill level 6 in Hexes
  4403 | D:5      | Found a blossoming altar of Fedhas.
  4506 | D:5      | Reached skill level 1 in Short Blades
  4601 | D:5      | Reached skill level 1 in Invocations
  4605 | D:5      | Reached skill level 1 in Fighting
  4640 | D:5      | Found Puerph Kuyro's Antique Armour Boutique.
  4769 | D:5      | Found Ikkoz's Antique Weapon Shoppe.
  4769 | D:5      | Noticed Dowan
  4771 | D:5      | Noticed Duvessa
  4793 | D:5      | Killed Dowan
  4793 | D:5      | Acquired Makhleb's third power
  4795 | D:5      | Gained mutation: Your flesh is heat resistant. [potion of beneficial mutation]
  4795 | D:5      | Slain by Duvessa

Vault maps used:
D:1:      shiori_arrival_maze
D:2:      lemuel_doored_altar, okawaru_trees_2
D:3:      elyvilon_altar_3, roderic_aztec_sauvastika, uniq_jessica
D:4:      overflow_temple_1_default, first_bread, portal_sewer_entry_b,
          trog_butcher_becter
D:5:      serial_shops, shop, shop_fountains, corexii_checkpoint_a,
          fedhas_altar_4, uniq_duvessa
Sewer:    sewer_kobolds

Action                   |  1- 3 |  4- 6 |  7- 9 || total
-------------------------+-------+-------+-------++-------
Melee: Dagger            |    76 |    39 |       ||   115
       Short sword       |       |    85 |    55 ||   140
 Cast: Corona            |     3 |     1 |       ||     4
       Ensorcelled Hiber |    16 |    36 |     6 ||    58
       Confuse           |       |     2 |     3 ||     5
  Use: Scroll            |       |     2 |       ||     2
       Potion            |       |     5 |     2 ||     7
 Stab: Sleeping          |    21 |    32 |    16 ||    69
       Confused          |       |       |     3 ||     3
  Eat: Chunk             |     2 |     9 |     4 ||    15
       Beef jerky        |       |     1 |       ||     1
